 Dungeon Crawl Stone Soup version 0.27-a0-1312-g5cdb2b3542 (webtiles) character file.

Game seed: 18171715640204403963

564 freelancePsychic the Chiller (level 7, -11/50 HPs)
             Began as a Demonspawn Ice Elementalist on June 19, 2021.
             Mangled by an orc warrior (17 damage)
             ... on level 5 of the Dungeon.
             The game lasted 00:10:49 (5437 turns).

freelancePsychic the Chiller (DsIE)                 Turns: 5437, Time: 00:10:50

Health: -11/50     AC:  9    Str:  9    XL:     7   Next: 10%
Magic:  5/11       EV: 11    Int: 17    God:
Gold:   202        SH:  0    Dex: 14    Spells: 5/12 levels left

rFire    . . .     SeeInvis .   v - +1 dagger (venom)
rCold    . . .     Faith    .   (no shield)
rNeg     . . .     Spirit   .   u - +0 leather armour
rPois    .         Reflect  .   s - +0 helmet
rElec    .         Harm     .   (no cloak)
rCorr    +         Rampage  .   (no gloves)
Will     .....                  (no boots)
Stlth    ++........             (no amulet)
HPRegen  0.16/turn              g - ring of resist corrosion
MPRegen  0.12/turn              (no ring)

@: ice-armoured, freezing walls
A: talons 1, demonic guardian 2, spiny 1
a: no special abilities


You were on level 5 of the Dungeon.
You visited 1 branch of the dungeon, and saw 5 of its levels.

You collected 202 gold pieces.

Inventory:

Hand Weapons
 b - a +0 spear
 t - a +0 trident
 v - a +1 dagger of venom (weapon)
Armour
 a - a +0 robe
 s - a +0 helmet (worn)
 u - a +0 leather armour (worn)
Jewellery
 g - a ring of resist corrosion (left hand)
 q - a +4 ring of protection
Wands
 l - a wand of flame (10)
 o - a wand of iceblast (12)
Scrolls
 e - 3 scrolls of teleportation {@r4}
 k - a scroll of blinking
 m - a scroll of enchant armour
Potions
 c - a potion of mutation {unknown}
 d - 2 potions of haste {unknown}
 f - a potion of invisibility
 h - a potion of brilliance {unknown}
 i - 2 potions of curing {@q1}
 j - 2 potions of degeneration {unknown}
 n - a potion of flight {unknown}
 p - a potion of ambrosia {unknown}
 r - a potion of might {unknown}
 w - a potion of attraction {unknown}


   Skills:
 + Level 2.0 Fighting
 - Level 1.7 Dodging
 - Level 1.7 Stealth
 - Level 3.1 Spellcasting
 - Level 7.1 Ice Magic


You had 5 spell levels left.
You knew the following spells:

 Your Spells              Type           Power      Damage    Failure   Level
a - Freeze                Ice            100%       1d11      1%          1
b - Frozen Ramparts       Ice            54%        1d7       3%          3
c - Ozocubu's Armour      Ice            27%        N/A       3%          3

Your spell library contained the following spells:

 Spells                   Type           Power      Damage    Failure   Level
 Animate Skeleton         Necr           4%         N/A       24%         1
 Pain                     Necr           8%         1d4       24%         1
 Hailstorm                Conj/Ice       14%        3d5       50%         4
 Vampiric Draining        Necr           1%         2d6       58%         3
 Metabolic Englaciation   Hex/Ice        7%         N/A       83%         5
 Animate Dead             Necr           1%         N/A       94%         4
 Agony                    Necr           2%         N/A       100%        5


Dungeon Overview and Level Annotations

Branches:
Dungeon (5/15)
 Temple: D:4-7

Altars:
Trog
Wu Jian
Xom


Innate Abilities, Weirdness & Mutations

You have sharp toenails.
A demonic guardian rushes to your aid.
You are partially covered in sharp spines.


Message History

Your demonic ancestry asserts itself...
Your guardian grows in power.
An orc warrior comes into view.
It is wielding a +1 dire flail of holy wrath.
Your icy armour will break if you move.
Continue?
Okay, then.
Your icy armour will break if you move.
Continue?
Your icy armour cracks and falls away as you move.
The orc warrior shouts!
A jelly comes into view.
An orc comes into view. It is wielding a +0 whip.
An orc comes into view. It is wielding a +0 whip.
An orc and an orc wizard come into view.
The orc wizard shouts!
You hear a shout!
You hear an angry hiss.
The orc shouts!
The orc is struck by your spines. The orc barely misses you.
Things that are here:
a +0 halberd; a +0 club
Things that are here:
a +0 giant spiked club; an ogre corpse
Casting: Ozocubu's Armour (dangerous; 3% risk of failure)
Confirm with . or Enter, or press ? or * to list all spells.
A film of ice covers your body!
The orc cheers to no one in particular.
The orc warrior barely misses you.
Casting: Ozocubu's Armour (dangerous; 3% risk of failure)
Confirm with . or Enter, or press ? or * to list all spells.
Casting: Frozen Ramparts (dangerous; 3% risk of failure)
Press: ? - help, Dir - look around, f - activate The walls around you are covered in ice.
The wall freezes the orc.
The wall freezes the orc warrior.
The orc warrior hits you with a +1 dire flail of holy wrath!
You convulse!
Your +1 dagger of venom begins to drip with poison!
v - a +1 dagger of venom (weapon)
The wall freezes the orc.
The wall freezes the orc warrior.
The orc warrior hits you with a +1 dire flail of holy wrath!!
* * * LOW HITPOINT WARNING * * *
A demonic guardian appears!
You convulse!
You die...

########## #........#
#........# .##........#
...........# ##########
...^......#
#####........#####
..........###
#.................
............#
#4#########.......
..........#.# #@# ...
#....... ..........#.####o#
....#.......
.....<....#...##o#
....#.....##
.........o......)#
_...^......#
.................#
...#.......
.................#
...#....... ........o.#....#
.. #.......
......o......#########.......
.........#.............#....#


You could see an orc warrior (ally target), an orc and a friendly hellwing
(summoned).

Vanquished Creatures
  A necrophage (D:5)
  An ogre (D:5)
  A sky beast (D:5)
  A centaur skeleton (D:4)
  Terence (D:2)
  An iguana (D:4)
  A hound skeleton (D:4)
  Robin (D:4)
  6 gnolls
  3 adders
  A white imp (D:4)
  3 dart slugs
  2 ball pythons
  10 endoplasms
  2 giant cockroaches
  8 goblins (D:4)
  10 hobgoblins
  8 jackals
  10 kobolds
  5 frilled lizards
  8 rats
84 creatures vanquished.

Vanquished Creatures (collateral kills)
  A hound (D:4)
  A frilled lizard (D:3)
2 creatures vanquished.

Grand Total: 86 creatures vanquished

Notes
Turn   | Place    | Note
-------+----------+-------------------------------------------
     0 | D:1      | freelancePsychic the Demonspawn Ice Elementalist began the
                  | quest for the Orb.
     0 | D:1      | Reached XP level 1. HP: 13/13 MP: 3/3
   591 | D:1      | Gained mutation: A weak demonic guardian rushes to your
                  | aid. [demonic ancestry]
   591 | D:1      | Reached XP level 2. HP: 14/19 MP: 3/5
  1124 | D:1      | Reached skill level 4 in Ice Magic
  1730 | D:2      | Reached XP level 3. HP: 18/24 MP: 4/7
  2111 | D:2      | Noticed Terence
  2124 | D:2      | Killed Terence
  2125 | D:2      | Gained mutation: You are partially covered in sharp spines.
                  | [demonic ancestry]
  2125 | D:2      | Reached XP level 4. HP: 16/30 MP: 2/8
  2399 | D:2      | Learned a level 3 spell: Frozen Ramparts
  2403 | D:2      | Learned a level 3 spell: Ozocubu's Armour
  2933 | D:3      | Reached skill level 5 in Ice Magic
  3150 | D:3      | Found a bloodstained altar of Trog.
  3191 | D:3      | Found a faded altar of an unknown god.
  3290 | D:3      | Reached XP level 5. HP: 34/35 MP: 9/9
  3830 | D:4      | Found an ornate altar of the Wu Jian Council.
  4005 | D:4      | Noticed Robin
  4011 | D:4      | Killed Robin
  4015 | D:4      | Reached skill level 6 in Ice Magic
  4428 | D:5      | Entered Level 5 of the Dungeon
  4428 | D:5      | Noticed a sky beast
  4461 | D:5      | Noticed an ice beast
  4768 | D:4      | Gained mutation: You have sharp toenails. [demonic
                  | ancestry]
  4768 | D:4      | Reached XP level 6. HP: 9/41 MP: 10/10
  5018 | D:5      | Killed a sky beast
  5286 | D:5      | Found a shimmering altar of Xom.
  5332 | D:5      | Reached skill level 7 in Ice Magic
  5409 | D:5      | Gained mutation: A demonic guardian rushes to your aid.
                  | [demonic ancestry]
  5409 | D:5      | Reached XP level 7. HP: 44/50 MP: 7/11
  5437 | D:5      | Mangled by an orc warrior

Illustrated notes

Levels and vault maps discovered:
D:1:      minmay_arrival_four_houses, layout_basic
D:2:      layout_basic, minmay_misc_feat_cross, kennysheep_generic_room_8,
          uniq_terence
D:3:      layout_rooms, old_standard_altar, shapermc_ecumenical_altar_notcrosses
D:4:      layout_rooms, nzn_wu_jian_contemplation, uniq_robin
D:5:      layout_rooms, lemuel_tele_altar

Skill      XL: |  1  2  3  4  5  6 |
---------------+-------------------+-----
Ice Magic      | 4 5 6 7 |  7.1
Spellcasting   | 3 |  3.1
Fighting       | 2 |  2.0
Dodging        | |  1.7
Stealth        | |  1.7

Action                   |  1- 3 |  4- 6 |  7- 9 || total
-------------------------+-------+-------+-------++-------
Melee: Spear             |    89 |    50 |       ||   139
       Unarmed           |     8 |       |       ||     8
       Dagger            |       |    34 |       ||    34
       Trident           |       |    20 |       ||    20
       Kick              |       |     4 |       ||     4
 Cast: Freeze            |    22 |     4 |       ||    26
       Frozen Ramparts   |       |     9 |     1 ||    10
       Ozocubu's Armour  |       |     5 |     1 ||     6
  Use: Scroll            |     1 |     8 |       ||     9
 Stab: Sleeping          |     5 |     7 |       ||    12
       Distracted        |       |     1 |       ||     1
Armor: Robe              |    14 |     5 |       ||    19
       Leather armour    |       |     6 |       ||     6
Dodge: Dodged            |    55 |    50 |     2 ||   107

Table legend: (Time is in decaauts)
 A = Elapsed time spent in this place.
 B = Non-inter-level travel time spent in this place.
 C = Inter-level travel time spent in this place.
 D = Time resting spent in this place.
 E = Time spent auto-exploring this place.
 F = Levels seen in this place.
 G = Mean time per level.
                   A        B        C        D        E       F      G
               +--------+--------+--------+--------+--------+-----+--------+
         Total |   5459 |   5349 |    110 |   1048 |   3662 |   5 | 1091.8 |
       Dungeon |   5459 |   5349 |    110 |   1048 |   3662 |   5 | 1091.8 |
               +--------+--------+--------+--------+--------+-----+--------+

Top non-repeatable levels by time:
     D:1: 1733 daAuts
     D:4: 1516 daAuts
     D:2: 1113 daAuts
     D:3: 654 daAuts
     D:5: 441 daAuts
